 Dungeon Crawl Stone Soup version 0.29.1-12-g30fa7ad0bf (webtiles) character file.

Game seed: 8877578495784361568

27 hawla the Chiller (level 3, -4/26 HPs)
             Began as a Meteoran Ice Elementalist on Dec 25, 2022.
             Slain by a gnoll sergeant
             ... wielding a +1 vorpal spear
              (6 damage)
             ... on level 4 of the Dungeon.
             The game lasted 00:02:24 (379 turns).

hawla the Chiller (Meteoran Ice Elementalist)        Turns: 379, Time: 00:02:25

Health: -4/26      AC:  2    Str: 10    XL:     3   Next: 44%
Magic:  8/8        EV: 12    Int: 18    God:
Gold:   43         SH:  0    Dex: 14    Spells: 7/8 levels left

rFire   . . .      SeeInvis .   (no weapon)
rCold   . . .      Faith    .   (no shield)
rNeg    . . .      Spirit   .   a - +0 robe
rPois   .          Reflect  .   (no helmet)
rElec   .          Harm     .   (no cloak)
rCorr   .          Rampage  .   (no gloves)
Will    .....                   (no boots)
Stlth   +.........              (no amulet)
HPRegen 0.08/turn               (no ring)
MPRegen 0.11/turn               (no ring)

@: mighty, silenced, glowing
A: sense surroundings 1, otherworldly, glowing, explore regen
a: no special abilities


You were on level 4 of the Dungeon.
You visited 1 branch of the dungeon, and saw 4 of its levels.

You collected 43 gold pieces.

Inventory:

Armour
 a - a +0 robe (worn)
Scrolls
 c - a scroll of blinking
 d - a scroll of magic mapping {unknown}
 e - a scroll of enchant armour {unknown}
 i - 2 scrolls of silence
Potions
 b - a potion of magic
 g - a potion of curing {unknown}
 h - 2 potions of mutation {unknown}
 j - a potion of flight {unknown}


   Skills:
 + Level 0.2 Fighting
 + Level 2.5 Dodging
 - Level 1.4 Stealth
 + Level 3.4 Spellcasting
 + Level 4.9 Ice Magic


You had 7 spell levels left.
You knew the following spells:

 Your Spells              Type           Power      Damage    Failure   Level
a - Freeze                Ice            84%        1d10      1%          1

Your spell library contained the following spells:

 Spells                   Type           Power      Damage    Failure   Level
 Frozen Ramparts          Ice            42%        1d7       6%          3
 Ozocubu's Armour         Ice            21%        N/A       6%          3
 Hailstorm                Conj/Ice       12%        3d5       50%         4


Dungeon Overview and Level Annotations

Branches:
Dungeon (4/15) Zot: 2020
 Temple: D:4-7

Altars:


Innate Abilities, Weirdness & Mutations

You passively map a small area around you.
You are easily found by Zot.
You glow in the dark.
You regain HP and MP as you explore.


Message History

The ball python grabs you. The ball python constricts you.
You have reached level 3!
Your experience leads to an increase in your attributes!
Increase (S)trength, (I)ntelligence, or (D)exterity?
You feel clever. x2; You feel stronger.
Casting: Freeze (safe; 1% risk of failure)
Confirm with . or Enter, or press ? or * to list all spells.
Aiming: Freeze (safe; 1% risk of failure)
Press: ? - help, Shift-Dir - straight line, f - ball python
Aim: a ball python (constricting you)
You freeze the ball python.
You kill the ball python!
i - 3 scrolls labelled LAXERY MEOKK An endoplasm comes into view.
The endoplasm quivers.
Casting: Freeze (safe; 1% risk of failure)
Confirm with . or Enter, or press ? or * to list all spells.
Aiming: Freeze (safe; 1% risk of failure)
Press: ? - help, Shift-Dir - straight line, f - endoplasm
Aim: an endoplasm You freeze the endoplasm.
You kill the endoplasm!
j - a red potion
Found a stone staircase leading down.
There is an escape hatch in the floor here.
You slide downwards.
The hatch slams shut behind you.
The gnoll sergeant shouts!
The gnoll shouts! x5
You see here a scroll labelled OMUUTE JOAHOBU.
Okay, then.
As you read the scroll labelled LAXERY MEOKK, it crumbles to dust.
A profound silence engulfs you.
It was a scroll of silence.
The gnoll hits you from afar with a +0 spear. x3
The gnoll misses you. The gnoll hits you with a +0 whip.
It was a potion of might.
You feel very mighty all of a sudden. The gnoll completely misses you.
The gnoll hits you from afar with a +0 spear!
* * * LOW HITPOINT WARNING * * *
The gnoll sergeant hits you with a +1 vorpal spear.
You die...

* * *
* * ~~
~ ~ *
*
*#####
, ~
#g@g#
~
#..g#~
#ggg#~
* ,*
##+##
* *~,
* ~~ ,
, ,, ,
* *


You could see a gnoll sergeant and 5 gnolls.

Vanquished Creatures
  An adder (D:3)
  An orc (D:3)
  A bat (D:1)
  An endoplasm (D:3)
  A giant cockroach (D:2)
  A hobgoblin (D:1)
  4 jackals (D:2)
  2 ball pythons
  2 kobolds (D:3)
  3 rats
17 creatures vanquished.

Notes
Turn   | Place    | Note
-------+----------+-------------------------------------------
     0 | D:1      | hawla the Meteoran Ice Elementalist began the quest for the
                  | Orb.
     0 | D:1      | Reached XP level 1. HP: 14/14 MP: 5/5
   145 | D:1      | Reached XP level 2. HP: 19/20 MP: 1/6
   351 | D:3      | Reached XP level 3. HP: 26/26 MP: 5/8
   377 | D:4      | Noticed a gnoll sergeant
   379 | D:4      | Slain by a gnoll sergeant

Illustrated notes

Levels and vault maps discovered:
D:1:      dpeg_arrival_brainrot, layout_basic, minmay_statues_item, minivault_5,
          dk_noncrumbling_2, minmay_misc_feat_rows, wad_floor_pattern_2,
          minmay_pentomino_o4
D:2:      layout_rooms, uniq_robin
D:3:      minmay_recursive_quarters, layout_basic, nicolae_vehumet_radiance,
          shapermc_ecumenical_altar_acropolis
D:4:      layout_loops_cross, glass_columns_a, chequers_serial_rivers_large_a,
          lightli_minifort

Skill      XL: |  1  2 |
---------------+-------+-----
Spellcasting   | 3 |  3.4
Fighting       | |  0.2
Dodging        | |  2.5
Stealth        | |  1.4
Ice Magic      | |  4.9

Action                   || total
-------------------------++-------
Melee: Unarmed           ||     1
 Cast: Freeze            ||    29
  Use: Scroll            ||     2
       Potion            ||     1
Armor: Robe              ||     9
Dodge: Dodged            ||    17
